Map: Avalon Labs

Players

Dag

  • Race: Terran Terran

Kakebart

  • Race: Protoss Protoss

Vegard

  • Race: Zerg Zerg

JohnMcClane - Winner!

  • Race: Protoss Protoss

JackONeill - Winner!

  • Race: Zerg Zerg

Hindulaatti - Winner!

  • Race: Zerg Zerg

VOD

Have the link to the VOD?

Description

Time

  • Played on: Jan. 31, 2016, 12:26 p.m.
  • Length: 9:25
Show
View Real Time Build Order
Export as new Build Order

Dag Terran 

Build Orders:  

Get SALT Encoding   

  12  0:00  SCV  
  13  0:13  SCV  
  14  0:17  Supply Depot  
  14  0:25  SCV  
  15  0:33  Refinery  
  15  0:39  SCV  
  16  0:44  Barracks  
  16  0:51  SCV  
  17  1:03  SCV  
  18  1:15  SCV  
  19  1:27  SCV  
  20  1:33  Command Center  
  20  1:36  Reaper  
  21  1:47  Orbital Command  
  21  1:56  Factory  
  21  2:03  Supply Depot  
  21  2:08  Marine  
  21  2:13  SCV  
  23  2:18  Refinery  
  23  2:25  SCV  
  23  2:26  Marine  
  25  2:40  Widow Mine  
  27  2:44  Marine  
  27  2:46  SCV  
  27  2:47  Orbital Command  
  29  3:02  Marine  
  30  3:15  SCV  
  30  3:19  Barracks  
  31  3:20  Barracks  
  31  3:23  Starport, Barracks  
  31  3:27  SCV x2  
  33  3:34  Widow Mine  
  33  3:39  SCV  
  36  3:44  Bunker  
  36  3:45  Barracks Tech Lab  
  36  3:51  SCV x2  
  38  4:00  Medivac  
  40  4:02  Widow Mine  
  40  4:03  SCV x2  
  44  4:12  Marine x2  
  46  4:27  Supply Depot  
  46  4:28  Supply Depot  
  46  4:31  Supply Depot  
  46  4:48  Marine x3, SCV x2  
  46  4:50  Marine  
  52  4:57  Widow Mine  
  52  4:59  Medivac  
  55  5:01  SCV  
  55  5:06  Marine x2  
  58  5:07  Barracks  
  58  5:08  Engineering Bay  
  58  5:10  Engineering Bay, SCV  
  58  5:13  SCV  
  60  5:16  Refinery  
  60  5:18  Refinery  
  60  5:22  SCV  
  60  5:25  SCV  
  62  5:35  Starport Reactor  
  62  5:37  Barracks Tech Lab  
  62  5:38  Barracks Reactor x2  
  62  5:41  Terran Infantry Armor Level 1, Terran Infantry Weapons Level 1  
  62  5:47  Supply Depot  
  62  5:48  Supply Depot  
  62  5:49  Supply Depot  
  62  5:50  Supply Depot, Stimpack  
  62  5:52  Marine  
  63  6:00  Marine  
  64  6:10  Marauder  
  64  6:18  Marine x5  
  62  6:19  Medivac x2  
  65  6:31  Marauder  
  67  6:35  Widow Mine  
  67  6:38  Armory  
  69  6:48  Marauder, Marine x4  
  69  6:49  Medivac  
  69  6:50  Medivac, Command Center  
  69  6:52  Marine  
  80  7:04  Widow Mine  
  80  7:05  Marine  
  80  7:06  Marine  
  80  7:08  Marine x2  
  86  7:09  Marauder  
  86  7:10  Marine  
  89  7:23  Marine x2  
  89  7:27  Bunker  
  89  7:28  Marauder  
  85  7:31  Marine x2  
  85  7:32  Marauder  
  87  7:41  Marine x2  
  83  7:49  Marine x2  
  83  7:50  Marauder  
  87  7:53  Marauder  
  84  7:59  Marine x2  
  69  8:07  Marine x2  
  69  8:11  Marauder  
  66  8:14  Marauder  
  66  8:17  Marine x2  
  56  8:24  Marine  
  56  8:25  Marine  
  55  8:33  Marauder  
  55  8:34  Marine  
  55  8:35  Marine x2  
  49  8:42  Marine x2  
  49  8:52  Marine x2  
  49  9:00  Marine x2  
Show
View Real Time Build Order
Export as new Build Order

Kakebart Protoss 

Build Orders: Nexus First, Phoenix Opening 

Get SALT Encoding   

  12  0:02  Probe (Chrono Boost)  
  13  0:13  Probe (Chrono Boost)  
  14  0:23  Probe (Chrono Boost)  
  14  0:27  Pylon  
  15  0:46  Probe (Chrono Boost)  
  16  0:56  Probe (Chrono Boost)  
  17  1:00  Nexus  
  17  1:07  Probe (Chrono Boost)  
  18  1:16  Gateway  
  18  1:17  Probe (Chrono Boost)  
  19  1:22  Assimilator  
  19  1:28  Probe (Chrono Boost)  
  19  1:31  Assimilator  
  20  1:36  Pylon  
  20  1:47  Probe (Chrono Boost)  
  21  1:58  Probe (Chrono Boost)  
  22  2:05  Cybernetics Core  
  22  2:08  Probe (Chrono Boost)  
  22  2:13  Probe (Chrono Boost)  
  24  2:15  Assimilator  
  24  2:19  Probe (Chrono Boost)  
  24  2:21  Assimilator  
  25  2:27  Probe (Chrono Boost)  
  26  2:44  Stargate  
  26  2:47  Zealot  
  26  2:49  Mothership Core (Chrono Boost)  
  26  2:50  Probe (Chrono Boost)  
  31  3:00  Probe (Chrono Boost)  
  32  3:07  Stargate, Probe (Chrono Boost)  
  32  3:11  Probe (Chrono Boost)  
  34  3:16  Pylon  
  34  3:28  Phoenix  
  34  3:31  Protoss Air Weapons Level 1 (Chrono Boost)  
  36  3:39  Stargate  
  36  3:50  Phoenix  
  38  4:05  Phoenix  
  40  4:15  Phoenix  
  42  4:21  Probe  
  42  4:23  Probe  
  44  4:32  Probe  
  44  4:35  Probe  
  46  4:41  Phoenix  
  46  4:42  Probe  
  49  4:47  Probe  
  50  4:53  Probe  
  50  4:58  Phoenix  
  50  4:59  Probe  
  54  5:11  Pylon  
  54  5:14  Pylon  
  54  5:27  Probe  
  54  5:29  Phoenix, Probe  
  54  5:34  Phoenix x2  
  54  5:35  Protoss Air Armor Level 1 (Chrono Boost)  
  62  5:38  Probe  
  63  6:05  Phoenix x3  
  69  6:18  Fleet Beacon  
  69  6:48  Pylon  
  69  6:49  Pylon  
  69  6:51  Pylon  
  69  7:06  Phoenix  
  65  7:32  Tempest x2  
  65  7:33  Tempest  
Show
View Real Time Build Order
Export as new Build Order

Vegard Zerg 

Build Orders: Hatch First 

Get SALT Encoding   

  12  0:01  Drone  
  13  0:14  Overlord  
  13  0:18  Drone  
  14  0:32  Drone x2  
  16  0:36  Drone  
  17  0:47  Drone  
  18  1:00  Drone  
  18  1:01  Hatchery  
  18  1:09  Extractor  
  18  1:10  Drone  
  18  1:19  Spawning Pool  
  18  1:22  Drone  
  18  1:33  Drone  
  19  1:44  Drone  
  20  1:51  Drone  
  21  2:01  Drone  
  22  2:14  Queen  
  22  2:15  Queen  
  26  2:16  Drone, Overlord  
  27  2:24  Zergling x2  
  28  2:38  Drone, Zergling x4  
  28  2:40  Metabolic Boost  
  31  2:46  Zergling x4  
  31  2:49  Baneling Nest  
  32  2:56  Drone  
  33  2:59  Zergling x2  
  34  3:08  Overlord x2  
  34  3:16  Zergling x2  
  34  3:18  Zergling x2  
  36  3:23  Overlord x2  
  36  3:26  Drone x2  
  38  3:27  Drone x2  
  38  3:32  Drone x2  
  42  3:34  Baneling x2  
  42  3:35  Baneling x4  
  42  4:03  Drone x7  
  42  4:04  Drone  
  42  4:08  Extractor x2  
  48  4:12  Zergling x2  
  49  4:24  Lair  
  49  4:28  Extractor  
  48  4:38  Drone  
  48  4:40  Drone x2  
  48  4:44  Drone x5  
  48  4:45  Drone  
  57  4:46  Drone  
  58  5:02  Drone x3  
  61  5:21  Drone x3  
  61  5:22  Drone  
  59  5:55  Hatchery, Extractor  
  57  5:57  Roach Warren  
  57  5:58  Evolution Chamber, Extractor  
  57  5:59  Evolution Chamber  
  53  6:25  Zerg Missile Weapons Level 1  
  53  6:26  Zerg Ground Armor Level 1  
  53  6:37  Glial Reconstitution  
  53  6:38  Roach x6  
  53  6:39  Overlord, Roach  
  67  6:40  Overlord x7  
  67  6:57  Drone  
  67  6:58  Overlord x2  
  67  6:59  Drone  
  67  7:00  Roach x3  
  67  7:01  Roach x3  
  83  7:08  Roach  
  83  7:09  Roach  
  83  7:11  Ravager  
  83  7:12  Ravager x4  
  83  7:13  Ravager x2  
  83  7:14  Roach  
  94  7:18  Roach  
  94  7:20  Roach x2  
  100  7:29  Roach  
  102  7:33  Roach x2  
  106  7:41  Roach  
  108  7:49  Roach x2  
  108  7:50  Roach  
  92  7:55  Roach  
  92  7:56  Roach  
  85  8:05  Roach x3  
  73  8:13  Roach  
  73  8:14  Roach x2  
  74  8:24  Ravager  
  74  8:25  Ravager  
  76  8:28  Overlord x3  
  76  8:33  Roach  
  78  8:35  Roach  
  80  8:44  Roach x2  
  80  8:47  Ravager  
  80  8:48  Roach  
  81  8:49  Overlord  
  81  9:04  Roach x3  
  81  9:06  Roach  
Show
View Real Time Build Order
Export as new Build Order

JohnMcClane Protoss - Winner!

Build Orders: Nexus First, Blink Stalkers 

Get SALT Encoding   

  12  0:01  Probe (Chrono Boost)  
  13  0:12  Probe (Chrono Boost)  
  14  0:26  Pylon  
  14  0:27  Probe (Chrono Boost)  
  15  0:56  Nexus  
  15  0:57  Probe (Chrono Boost)  
  16  1:09  Gateway  
  16  1:13  Probe (Chrono Boost)  
  17  1:19  Assimilator  
  17  1:23  Probe (Chrono Boost)  
  18  1:34  Assimilator, Probe (Chrono Boost)  
  19  1:48  Probe (Chrono Boost)  
  19  1:52  Pylon  
  20  1:58  Cybernetics Core  
  20  1:59  Probe (Chrono Boost)  
  21  2:10  Probe x2 (Chrono Boost)  
  23  2:20  Probe x2 (Chrono Boost)  
  25  2:31  Probe x2 (Chrono Boost)  
  27  2:37  Warp Gate  
  27  2:41  Probe (Chrono Boost)  
  27  2:42  Mothership Core (Chrono Boost), Pylon  
  31  3:12  Probe (Chrono Boost)  
  31  3:13  Probe (Chrono Boost)  
  31  3:22  Twilight Council  
  31  3:23  Probe x2 (Chrono Boost)  
  31  3:26  Forge  
  33  3:28  Assimilator  
  33  3:42  Probe (Chrono Boost)  
  33  3:43  Pylon  
  33  3:47  Probe (Chrono Boost)  
  35  3:49  Blink (Chrono Boost)  
  35  3:53  Probe (Chrono Boost)  
  36  3:56  Probe (Chrono Boost)  
  36  4:02  Gateway  
  37  4:05  Protoss Ground Weapons Level 1 (Chrono Boost)  
  37  4:06  Gateway  
  37  4:08  Probe  
  38  4:22  Gateway x2  
  38  4:25  Gateway  
  38  4:27  Gateway  
  38  4:33  Photon Cannon  
  38  4:44  Stalker  
  40  4:46  Probe  
  41  4:57  Pylon  
  41  5:12  Stalker  
  41  5:14  Gateway  
  43  5:16  Pylon  
  43  5:26  Stalker x5  
  53  5:36  Robotics Facility  
  53  5:37  Photon Cannon  
  53  5:42  Protoss Ground Armor Level 1 (Chrono Boost)  
  53  6:08  Pylon  
  53  6:09  Stalker x3  
  53  6:10  Stalker  
  61  6:24  Warp Prism (Chrono Boost)  
  63  6:27  Stalker x4  
  71  6:44  Pylon  
  71  6:45  Stalker x3  
  77  7:01  Pylon  
  77  7:02  Pylon  
  77  7:13  Stalker x3  
  77  7:14  Stalker  
  85  7:32  Stalker x2  
  85  7:33  Stalker x2  
  77  7:55  Stalker x3  
  77  7:56  Stalker  
  69  8:06  Warp Prism (Chrono Boost)  
  63  8:15  Stalker  
  63  8:16  Stalker x3  
  63  8:17  Stalker  
  67  8:58  Stalker x3  
  67  8:59  Stalker x4  
Show
View Real Time Build Order
Export as new Build Order

JackONeill Zerg - Winner!

Build Orders: Hatch First 

Get SALT Encoding   

  12  0:01  Drone  
  13  0:08  Drone  
  14  0:16  Overlord  
  14  0:23  Drone, Extractor  
  15  0:42  Drone  
  16  0:43  Drone  
  16  0:49  Drone  
  18  0:58  Hatchery  
  17  1:04  Extractor  
  16  1:13  Spawning Pool  
  15  1:18  Drone  
  15  1:20  Drone  
  15  1:22  Drone  
  18  1:32  Drone  
  19  1:44  Drone  
  20  1:51  Overlord  
  20  1:59  Queen  
  22  2:03  Metabolic Boost  
  22  2:11  Queen  
  22  2:13  Drone  
  22  2:15  Drone  
  26  2:18  Drone  
  27  2:24  Drone  
  27  2:25  Drone  
  28  2:45  Queen  
  28  2:47  Drone  
  28  2:50  Drone  
  32  2:55  Zergling x2  
  32  2:56  Zergling x2  
  35  2:58  Drone  
  35  2:59  Drone  
  35  3:05  Spore Crawler  
  35  3:18  Drone  
  36  3:20  Overlord x2  
  36  3:29  Overlord  
  36  3:33  Extractor  
  35  3:34  Lair  
  35  3:39  Drone  
  35  3:40  Drone x2  
  38  3:42  Drone x3  
  41  3:54  Drone x5  
  46  4:01  Drone x2, Baneling Nest  
  47  4:09  Extractor  
  46  4:11  Extractor  
  46  4:16  Drone  
  47  4:17  Drone x2  
  47  4:18  Drone x3  
  51  4:29  Spore Crawler  
  50  4:35  Spore Crawler  
  50  4:36  Hydralisk Den  
  49  4:47  Pneumatized Carapace  
  49  4:58  Spore Crawler  
  48  5:09  Overlord x3  
  46  5:19  Muscular Augments  
  46  5:22  Overlord x2  
  46  5:23  Overlord  
  46  5:30  Hydralisk x2  
  46  5:31  Hydralisk x6  
  46  5:32  Hydralisk  
  64  5:49  Hydralisk x2  
  64  5:50  Hydralisk x2  
  64  5:54  Overlord  
  72  6:00  Overseer  
  72  6:14  Hydralisk x3  
  76  6:35  Hydralisk x3  
  76  6:36  Hydralisk x3  
  88  6:57  Evolution Chamber  
  88  7:00  Evolution Chamber, Hatchery  
  85  7:02  Hydralisk x3  
  91  7:18  Hydralisk x2  
  91  7:19  Hydralisk x2  
  97  7:30  Hydralisk  
  97  7:33  Overlord x2  
  99  7:48  Drone  
  99  7:50  Overlord x3  
  94  8:32  Hydralisk x3  
  94  8:33  Hydralisk x6  
  94  8:34  Hydralisk  
  114  8:47  Hydralisk  
  114  8:48  Hydralisk x2  
Show
View Real Time Build Order
Export as new Build Order

Hindulaatti Zerg - Winner!

Build Orders: Hatch First, Lurkers 

Get SALT Encoding   

  12  0:01  Drone  
  13  0:08  Drone  
  14  0:19  Drone, Extractor  
  15  0:40  Hatchery  
  14  0:44  Extractor x2  
  14  0:47  Drone  
  13  0:50  Drone  
  16  0:58  Overlord  
  16  1:12  Spawning Pool  
  16  1:17  Drone x2  
  17  1:21  Drone  
  18  1:30  Drone  
  19  1:40  Drone, Extractor  
  19  1:53  Drone x2  
  21  1:59  Queen  
  21  2:00  Queen  
  25  2:02  Overlord  
  26  2:08  Drone  
  26  2:13  Drone x2  
  28  2:24  Drone x2  
  30  2:35  Drone  
  30  2:36  Drone  
  32  2:42  Metabolic Boost  
  32  2:49  Drone x2  
  34  2:58  Drone x2  
  36  3:18  Extractor  
  35  3:22  Drone  
  35  3:24  Roach Warren  
  35  3:25  Extractor  
  35  3:26  Extractor  
  33  3:33  Lair  
  33  3:35  Zergling x2  
  33  3:36  Zergling x4  
  33  3:37  Overlord  
  33  3:38  Overlord  
  36  3:59  Overlord x2  
  36  4:09  Hatchery  
  35  4:21  Drone x13  
  48  4:29  Spore Crawler  
  46  4:36  Glial Reconstitution  
  46  4:37  Hydralisk Den  
  45  4:39  Zergling x2  
  45  4:40  Zergling x2  
  47  4:57  Drone x3  
  50  5:03  Roach  
  50  5:04  Roach x4  
  60  5:07  Overlord x2  
  60  5:12  Spore Crawler  
  59  5:23  Overlord  
  59  5:25  Queen  
  61  5:30  Lurker Den  
  61  5:32  Hydralisk x3  
  63  5:46  Hydralisk  
  63  5:47  Hydralisk x3  
  68  6:17  Drone x10  
  75  6:26  Queen  
  75  6:31  Hatchery  
  76  6:57  Spore Crawler  
  76  6:58  Muscular Augments  
  73  7:03  Lurker  
  73  7:04  Lurker x5  
  73  7:05  Lurker  
  74  7:09  Roach  
  74  7:10  Roach x4  
  84  7:18  Overlord x3  
  84  7:38  Pneumatized Carapace  
  84  7:44  Hydralisk x7  
  98  7:54  Overseer x2  
  88  8:18  Hydralisk x4, Roach x2  
  88  8:19  Roach x5  
  108  8:36  Hydralisk x2  
  108  8:37  Roach  
  114  8:44  Overlord x2  
  114  8:45  Overlord x2  
  114  8:54  Overlord  
  132  9:18  Lurker x3  
Tags
 
Add a new tag
Caveats
  • Supply blocks, unpowered buildings, or Contaminate may cause inaccurate times.
  • Supply counts are checked every 10 seconds.